 Dungeon Crawl Stone Soup version 0.21.1-1-g345015fe64 (webtiles) character file.

1509459 Faustar the Victor of a Thousand Battles (level 27, 219/219 HPs)
             Began as a Gnoll Skald on Feb 9, 2018.
             Was the Champion of Okawaru.
             Escaped with the Orb
             ... and 3 runes on Feb 12, 2018!
             The game lasted 11:10:15 (90982 turns).

Faustar the Victor of a Thousand Battles (GnSk)    Turns: 90982, Time: 11:10:16

Health: 219/219    AC: 33    Str: 25    XL:     27
Magic:  63/63      EV: 21    Int: 23    God:    Okawaru [******]
Gold:   169        SH: 15    Dex: 18    Spells: 8/62 levels left

rFire    + + +     SeeInvis +   s - +4 eveningstar (flame)
rCold    + . .     Gourm    .   l - +3 buckler of Hepliaklqana's Hatred {MP+9 Int+2 Slay+2}
rNeg     + . .     Faith    .   L - +2 chain mail of Mizia {rElec Regen+ MP+9 Stlth-}
rPois    .         Spirit   .   t - +2 helmet {SInv}
rElec    +         Reflect  +   b - +2 cloak
rCorr    +         Harm     .   P - +4 pair of gloves of Uluaxy {rC+ rN+ Regen+ rCorr}
MR       ++...                  n - +2 pair of boots {run}
Stlth    ++........             a - amulet of Umpi {Reflect rF++ Dex+4 SH+3}
HPRegen  1.26/turn              M - ring "Refempa" {Str+3 Slay+3 Stlth+}
MPRegen  0.38/turn              T - ring of protection from fire

@: hasted, deflect missiles, very quick
A: distributed training, fangs 1, deterioration 1, strong nose
0: Orb of Zot
}: 3/15 runes: serpentine, barnacled, silver
a: Heroism, Finesse, Renounce Religion


You escaped.
You worshipped Okawaru.
Okawaru was exalted by your worship.
You were full.

You visited 11 branches of the dungeon, and saw 51 of its levels.
You visited 1 bazaar.
You also visited: Labyrinth, Trove and Volcano.

You collected 7222 gold pieces.
You spent 7053 gold pieces at shops.

Inventory:

Hand Weapons
 h - the +7 glaive "Gram" {chop, rElec Dex-4 Stlth+}
   (Okawaru gifted it to you on level 5 of the Realm of Zot)

   It inflicts extra damage upon your enemies.
   It affects your dexterity (-4).
   It insulates you from electricity.
   It makes you more stealthy.
 s - a +4 eveningstar of flaming (weapon)
Armour
 b - a +2 cloak (worn)
 l - the +3 buckler of Hepliaklqana's Hatred (worn) {MP+9 Int+2 Slay+2}
   (You bought it in a shop on level 2 of the Orcish Mines)

   It affects your intelligence (+2).
   It affects your accuracy and damage with ranged weapons and melee attacks
   (+2).
   It affects your magic capacity (+9).
 n - a +2 pair of boots of running (worn)
 t - a +2 helmet of see invisible (worn)
 G - the +4 scale mail of Cowardice {rN+++ rCorr Int-2 Stlth-}
   (You found it on level 5 of the Vaults)

   It affects your intelligence (-2).
   It renders you almost immune to negative energy.
   It protects you from acid and corrosion.
   It makes you less stealthy.
 L - the +2 chain mail of Mizia (worn) {rElec Regen+ MP+9 Stlth-}
   (Okawaru gifted it to you on level 6 of the Lair of Beasts)

   It insulates you from electricity.
   It affects your magic capacity (+9).
   It increases your rate of regeneration.
   It makes you less stealthy.
 O - the +2 helmet of the Unbroken {Regen+ Dex+4 Stlth+}
   (Okawaru gifted it to you on level 5 of the Realm of Zot)

   It affects your dexterity (+4).
   It increases your rate of regeneration.
   It makes you more stealthy.
 P - the +4 pair of gloves of Uluaxy (worn) {rC+ rN+ Regen+ rCorr}
   (You found it on level 5 of the Vaults)

   It protects you from cold.
   It protects you from negative energy.
   It increases your rate of regeneration.
   It protects you from acid and corrosion.
Jewellery
 a - the amulet of Umpi (around neck) {Reflect rF++ Dex+4 SH+3}
   (You found it in a treasure trove)

   [amulet of reflection]

   It shields you and reflects attacks.
   It affects your dexterity (+4).
   It greatly protects you from fire.
   It affects your SH (+3).
 p - an uncursed ring of protection from magic
 B - an uncursed amulet of regeneration
 E - an uncursed ring of protection from cold
 M - the ring "Refempa" (left hand) {Str+3 Slay+3 Stlth+}
   (You found it on level 5 of the Vaults)

   [ring of strength]

   It affects your strength (+3).
   It affects your accuracy and damage with ranged weapons and melee attacks
   (+3).
   It makes you more stealthy.
 T - a ring of protection from fire (right hand)
Wands
 i - a wand of acid (9)
 x - a wand of digging (1)
 y - a wand of enslavement (21)
 A - a wand of scattershot (10)
 H - a wand of disintegration (20)
 I - a wand of iceblast (22)
Scrolls
 e - 20 scrolls of teleportation
 q - 5 scrolls of holy word
 u - 22 scrolls of remove curse
 v - 3 scrolls of identify
 D - 2 scrolls of silence
 J - 3 scrolls of fog
 N - 3 scrolls of fear
 R - 3 scrolls of blinking
Potions
 f - 6 potions of heal wounds
 j - 7 potions of cancellation
 k - 2 potions of flight
 m - a potion of ambrosia
 o - 3 potions of agility
 r - 3 potions of resistance
 w - 10 potions of brilliance
 z - 5 potions of might
 F - 2 potions of invisibility
 K - 7 potions of curing
 W - 3 potions of magic
Miscellaneous
 c - a phantom mirror
 Z - a lightning rod (4/4)
Comestibles
 d - 47 rations


   Skills:
 + Level 18.4 Fighting
 + Level 18.0 Short Blades
 + Level 18.0 Long Blades
 + Level 18.0 Axes
 + Level 18.4 Maces & Flails
 + Level 18.0 Polearms
 + Level 18.0 Staves
 + Level 18.9 Slings
 + Level 18.0 Bows
 + Level 18.0 Crossbows
 + Level 18.0 Throwing
 + Level 18.1 Armour
 + Level 18.4 Dodging
 + Level 18.0 Stealth
 + Level 18.0 Shields
 + Level 18.0 Unarmed Combat
 + Level 18.4 Spellcasting
 + Level 15.5 Conjurations
 + Level 15.5 Hexes
 + Level 16.2 Charms
 + Level 15.5 Summonings
 + Level 15.5 Necromancy
 + Level 15.5 Translocations
 + Level 15.5 Transmutations
 + Level 15.5 Fire Magic
 + Level 15.5 Ice Magic
 + Level 15.5 Air Magic
 + Level 15.5 Earth Magic
 + Level 15.5 Poison Magic
 + Level 19.3 Invocations
 + Level 18.0 Evocations


You had 8 spell levels left.
You knew the following spells:

 Your Spells              Type           Power        Failure   Level  Hunger
a - Infusion              Chrm           ####         0%          1    None
b - Shroud of Golubria    Chrm/Tloc      #######...   1%          2    None
c - Regeneration          Chrm/Necr      #######...   1%          3    None
d - Slow                  Hex            #######.     1%          2    None
e - Mephitic Cloud        Conj/Pois/Air  #######.     1%          3    None
f - Blink                 Tloc           N/A          1%          2    None
g - Spectral Weapon       Hex/Chrm       #######.     1%          3    None
h - Cause Fear            Hex            #######...   1%          4    None
i - Deflect Missiles      Chrm/Air       #######...   1%          6    ####...
j - Passage of Golubria   Tloc           N/A          1%          4    None
k - Silence               Hex/Air        #######...   1%          5    None
l - Invisibility          Hex            #######.     1%          6    ####...
m - Passwall              Tmut/Erth      #######...   1%          2    None
n - Lee's Rapid Deconstr  Erth           #######...   1%          5    None
o - Statue Form           Tmut/Erth      #######..    1%          6    ####...


Dungeon Overview and Level Annotations

Branches:
Dungeon (15/15)            Temple (1/1) D:4            Lair (6/6) D:9
 Shoals (4/4) Lair:4        Snake (4/4) Lair:2        Slime (1/5) Lair:5
    Orc (2/2) D:10            Elf (3/3) Orc:2        Vaults (5/5) D:14
  Crypt (0/3) Vaults:2     Depths (5/5) D:15            Zot (5/5) Depths:5

Altars:
Ashenzari
Cheibriados
Dithmenos
Elyvilon
Fedhas
Gozag
Hepliaklqana
Kikubaaqudgha
Makhleb
Nemelex Xobeh
Okawaru
Qazlal
Ru
Sif Muna
Trog
Uskayaw
Vehumet
Wu Jian
Xom
Yredelemnul
Zin
The Shining One
Beogh
Jiyva
Lugonu

Shops:
D:5 }![   D:8 *   D:9 [   D:15 *[%[   Orc:2 !*(:[:   Elf:1 (=*!(   Elf:3 %
Shoals:2 =   Vaults:1 !(   Vaults:5 %%!!!%??   Depths:1 *   Depths:2 =}=
Depths:4 [!=(*   Depths:5 *

Portals:
Hell: Depths:1 Depths:2 Depths:3 Depths:4 Depths:5
Abyss: Depths:4
Pandemonium: Depths:3 Depths:5
Ziggurat: Depths:2

Annotations:
D:7 1 exclusion
Shoals:4 Ilsuiw
Snake:4 Aizul, Bai Suzhen
Depths:3 1 runed door
Zot:3 1 exclusion


Innate Abilities, Weirdness & Mutations

Your experience applies equally to all skills.
You have very sharp teeth.
Your uncanny sense of smell can sniff out nearby items.
Your body sometimes deteriorates upon taking damage.


Message History

[Y]es or [N]o only, please.
Your blink will be uncontrolled - continue anyway? [Y]es or [N]o only, please.
Your blink will be uncontrolled - continue anyway? [Y]es or [N]o only, please.
Your blink will be uncontrolled - continue anyway?
The Orb prevents control of your translocation!
You blink.
As you read the scroll of blinking, it crumbles to dust.
The large abomination misses you.
The quasit gives a chilling moan.
You feel yourself speed up.
The large abomination closely misses you.
You start to feel less resistant.
There is a stone staircase leading up here.
You climb upwards.
There is a stone staircase leading down here.
Your resistance to elements expires.
There is a staircase leading out of the dungeon here.
You have escaped!

.....##########....#............#
.....# .P.♣P#....#............#
.....# PP...#.................#
##...# .....#...#.............#
.#...# .♣PP.#...#.............#
.#...# P.P.P#...##.####.......#
.#..## ....P#...##..###.......#
.#..# ..P♣.#...##....#.......#
.#..## .♣PP.#.@.......+..######
.#...# .P.P.#.........#.....#
.#...# PP♣♣P#......#..#.....#
.#...# ..PP.#...#####.#.....#
##..## ..♣.P#...#####.......#
....# .PP..#............####
....# .PPP.#............# ....#
.....#............##### ....#
########...........>....#


There were no monsters in sight!

Vanquished Creatures
  2 ancient liches (Zot:5)
  Mara (Depths:1)
  An orb of fire (Zot:5)
  A juggernaut (Depths:2)
  Sojobo (Vaults:2)
  Boris (Depths:3)
  2 Killer Klowns (Zot:5)
  The ghost of garbagetei the Hoplite, a veteran GrFi of Okawaru (Depths:5)
  A curse toe (Zot:4)
  Jory (Depths:5)
  5 golden dragons
  Nikola (Shoals:3)
  A bone dragon (Depths:4)
  2 electric golems
  Jorgrun (Elf:3)
  12 tentacled monstrosities
  An Ice Fiend (Zot:5)
  Rupert (D:14)
  23 Orb Guardians (Zot:5)
  4 titans
  7 quicksilver dragons
  2 deep elf master archers (Elf:3)
  2 sphinxes
  2 deep elf blademasters
  6 death cobs
  An ancient champion (Vaults:1)
  Roxanne (D:14)
  8 shadow dragons
  A kraken (Shoals:3)
  Kirke (Snake:2)
  11 storm dragons
  11 nagarajas
  8 tengu reavers
  A revenant (Vaults:2)
  7 fire giants
  8 frost giants
  3 draconian monks
  7 draconian knights
  A ghost moth (Zot:4)
  8 deep elf sorcerers
  5 draconian scorchers
  23 vault wardens
  Louise (D:15)
  A ghost moth (shapeshifter) (D:14)
  An orc warlord (Orc:2)
  A draconian shifter (Zot:3)
  3 draconian stormcallers
  36 ironheart preservers
  A caustic shrike zombie (Depths:2)
  A reaper (Depths:3)
  3 draconian annihilators
  A juggernaut zombie (D:15)
  2 spriggan defenders (Depths:4)
  39 very ugly things
  A war gargoyle (Vaults:1)
  12 deep elf elementalists
  An entropy weaver (Vaults:4)
  18 stone giants
  Nessos (D:13)
  11 green draconians
  A vampire knight (Vaults:2)
  7 purple draconians
  5 black draconians
  A deep elf demonologist (Elf:3)
  7 deep elf annihilators
  3 white draconians
  5 red draconians
  9 yellow draconians
  2 spark wasps (Depths:4)
  12 ettins
  Josephine (D:13)
  6 merfolk javelineers
  3 jiangshi (Depths:2)
  14 fire dragons
  A minotaur (Lab)
  6 deep elf death magi (Elf:3)
  Erolcha (Orc:2)
  9 merfolk impalers
  5 deep elf high priests
  11 yaktaur captains
  3 great orbs of eyes
  17 ogre magi
  2 hell beasts
  12 naga warriors
  4 hydras
  38 vault guards
  5 merfolk aquamancers (Shoals:4)
  8 rakshasas
  12 ice dragons
  47 two-headed ogres
  14 centaur warriors
  4 catoblepae
  An anaconda (shapeshifter) (Vaults:1)
  An alligator snapping turtle (Shoals:1)
  2 death knights
  21 anacondas
  5 merfolk avatars
  A two-headed ogre (shapeshifter) (Elf:2)
  25 dancing weapons
  2 tengu warriors (Depths:1)
  14 death yaks
  9 deep troll shamans
  3 satyrs
  A vampire mage (Depths:2)
  3 spriggan berserkers
  13 naga sharpshooters
  4 orc high priests (Orc:2)
  2 spriggans (Depths:4)
  13 deep troll earth magi
  12 shock serpents
  A hell knight (Vaults:5)
  Sonja (D:13)
  20 deep elf knights
  4 shadow wraiths
  A fire crab (shapeshifter) (Depths:5)
  11 salamander mystics
  2 sixfirhies
  2 iron trolls
  55 deep trolls
  6 skeletal warriors
  5 wizards
  2 flayed ghosts
  4 unseen horrors
  14 sea snakes
  A phantasmal warrior (Vaults:5)
  A glowing orange brain (Depths:2)
  10 deep elf archers
  6 lindwurms
  4 naga ritualists
  A golden dragon zombie (D:15)
  16 ironbrand convokers
  A swamp dragon (shapeshifter) (Depths:2)
  12 mana vipers
  17 harpies
  4 necromancers
  A frost giant zombie (Depths:2)
  A mana viper (shapeshifter) (Vaults:4)
  9 orc sorcerers
  22 orc knights
  2 stone giant zombies
  10 moths of wrath
  A cyclops (shapeshifter) (Vaults:3)
  11 cyclopes
  70 deep elf magi
  An oklob plant (Lair:5)
  17 manticores
  50 ugly things
  2 moths of wrath (shapeshifter)
  2 wolf spiders
  A stone giant skeleton (D:15)
  16 elephants
  A rust devil (Depths:2)
  16 salamanders
  14 fauns
  4 centaur zombies
  37 black mambas
  A torpor snail (shapeshifter) (Depths:2)
  A frost giant skeleton (D:15)
  7 guardian serpents
  6 water nymphs
  A molten gargoyle (Volcano)
  19 vault sentinels
  8 merfolk sirens
  27 naga magi
  A yaktaur zombie (Vaults:4)
  3 gargoyles
  A water nymph (shapeshifter) (Vaults:5)
  12 spiny frogs
  A yaktaur (shapeshifter) (Vaults:5)
  3 kobold demonologists (D:13)
  2 rime drakes
  7 komodo dragons
  66 yaktaurs
  2 efreet
  3 human skeletons
  2 tengu conjurers
  2 freezing wraiths (Vaults:4)
  9 trolls
  A merfolk (shapeshifter) (Vaults:5)
  2 meliai (shapeshifter)
  A hornet (shapeshifter) (Vaults:3)
  A polar bear (Lair:5)
  2 red devils
  20 merfolk
  Prince Ribbit (D:5)
  3 wind drakes
  7 hornets
  2 raiju (shapeshifter)
  21 blink frogs
  14 hippogriffs
  A spriggan zombie (Depths:2)
  6 dream sheep (Lair:4)
  3 saltlings (Vaults:3)
  24 slime creatures
  14 snapping turtles
  A frost giant simulacrum (Depths:2)
  A redback (shapeshifter) (Depths:4)
  8 wraiths
  A tarantella (Vaults:4)
  16 water elementals
  7 air elementals
  2 shadows
  A redback (Vaults:4)
  55 yaks
  Eustachio (D:6)
  2 wyverns
  8 fire elementals
  7 hogs (Snake:2)
  Grum (Lair:1)
  A neqoxec (Depths:3)
  9 vampire mosquitoes
  3 human simulacra
  4 basilisks
  2 chaos spawn (Depths:3)
  A naga (shapeshifter) (Depths:1)
  A hungry ghost (D:10)
  Menkaure (D:6)
  A steam dragon (D:10)
  13 wargs
  Edmund (D:6)
  31 nagas
  A warg (shapeshifter) (Vaults:4)
  A swamp worm (shapeshifter) (Vaults:5)
  A deep troll zombie (Vaults:5)
  3 acid dragons
  16 water moccasins
  A soldier ant (shapeshifter) (Vaults:5)
  Duvessa (D:5)
  4 hell hounds (Zot:5)
  6 porcupines
  A deep troll skeleton (Vaults:1)
  4 sky beasts
  A hornet zombie (D:15)
  44 orc warriors
  An ettin simulacrum (Depths:2)
  3 necrophages
  3 ice beasts
  A sky beast (shapeshifter) (Vaults:4)
  2 eyes of draining
  4 phantoms
  A centaur (shapeshifter) (Depths:1)
  53 ogres
  18 boggarts
  13 wolves
  16 centaurs
  9 crocodiles
  3 big kobolds (D:13)
  A gnoll sergeant (D:8)
  A wyvern zombie (D:11)
  22 bullfrogs
  6 earth elementals
  2 elf zombies
  A water moccasin skeleton (D:6)
  Dowan (D:5)
  2 scorpions
  10 killer bees
  8 wights
  2 electric eels (D:11)
  3 howler monkeys
  5 crimson imps
  A lava snake (Snake:1)
  2 jellies
  A quasit (D:13)
  A bullfrog zombie (D:8)
  5 hounds
  2 human zombies
  16 orc priests
  3 bullfrog skeletons
  4 centaur skeletons
  5 iguanas
  20 orc wizards
  9 worker ants
  7 ogre zombies
  2 hound zombies
  A hound skeleton (D:3)
  3 mummies (D:9)
  2 worker ant zombies
  7 gnolls
  A howler monkey skeleton (D:4)
  12 adders
  3 shadow imps
  2 oozes
  An adder zombie (D:7)
  4 worms
  2 dart slugs (D:3)
  6 leopard geckos
  87 orcs
  10 bats
  9 giant cockroaches
  6 goblins
  2 hobgoblins (D:3)
  6 jackals
  9 kobolds
  6 quokkas
  3 ball pythons
  5 frilled lizards
  A goblin skeleton (D:10)
  A goblin zombie (D:10)
  3 hobgoblin zombies (D:10)
  2 orc skeletons
  13 orc zombies (D:10)
  5 rats
  8 fungi
  5 plants
  5 spectral weapons
  2 tentacles (Shoals:3)
2288 creatures vanquished.

Vanquished Creatures (others)
  An electric golem (Zot:5)
  A fire giant (Depths:2)
  3 yaktaur captains
  A deep elf high priest (Vaults:5)
  2 unseen horrors (D:15)
  A necromancer (Depths:2)
  A glowing shapeshifter (Vaults:5)
  A moth of wrath (Zot:5)
  10 yaktaurs
  An ettin skeleton (Vaults:5)
  A soldier ant (shapeshifter) (Vaults:5)
  An ogre (Vaults:5)
  A howler monkey (D:8)
  An orc (Vaults:3)
  A bush (Lair:5)
  2 fire vortices (Volcano)
  23 fungi
  32 plants
  141 spectral weapons
  9 tentacles (Shoals:3)
  3 withered plants (D:15)
237 creatures vanquished.

Grand Total: 2525 creatures vanquished

Notes
Turn   | Place    | Note
-------+----------+-------------------------------------------
     0 | D:1      | Faustar the Gnoll Skald began the quest for the Orb.
     0 | D:1      | Reached XP level 1. HP: 20/20 MP: 6/6
   122 | D:1      | Reached XP level 2. HP: 26/26 MP: 7/7
   636 | D:2      | Reached XP level 3. HP: 25/31 MP: 9/9
   880 | D:2      | Reached skill level 5 in Spellcasting
   904 | D:2      | Reached skill level 1 in Invocations
   954 | D:2      | Reached skill level 1 in Short Blades
   954 | D:2      | Reached skill level 1 in Long Blades
   954 | D:2      | Reached skill level 1 in Axes
   954 | D:2      | Reached skill level 1 in Polearms
   954 | D:2      | Reached skill level 1 in Staves
   954 | D:2      | Reached skill level 1 in Slings
   954 | D:2      | Reached skill level 1 in Bows
   954 | D:2      | Reached skill level 1 in Crossbows
   954 | D:2      | Reached skill level 1 in Throwing
   954 | D:2      | Reached skill level 1 in Stealth
   954 | D:2      | Reached skill level 1 in Shields
   954 | D:2      | Reached skill level 1 in Unarmed Combat
   954 | D:2      | Reached skill level 1 in Evocations
   954 | D:2      | Reached XP level 4. HP: 28/38 MP: 8/11
  1157 | D:2      | Learned a level 2 spell: Shroud of Golubria
  1161 | D:2      | Learned a level 3 spell: Regeneration
  1164 | D:2      | Learned a level 2 spell: Slow
  1227 | D:2      | Reached skill level 1 in Conjurations
  1227 | D:2      | Reached skill level 1 in Hexes
  1227 | D:2      | Reached skill level 1 in Summonings
  1227 | D:2      | Reached skill level 1 in Necromancy
  1227 | D:2      | Reached skill level 1 in Translocations
  1227 | D:2      | Reached skill level 1 in Transmutations
  1227 | D:2      | Reached skill level 1 in Fire Magic
  1227 | D:2      | Reached skill level 1 in Ice Magic
  1227 | D:2      | Reached skill level 1 in Air Magic
  1227 | D:2      | Reached skill level 1 in Earth Magic
  1227 | D:2      | Reached skill level 1 in Poison Magic
  1681 | D:2      | Found a stormy altar of Qazlal.
  1688 | D:2      | Found an iron altar of Okawaru.
  2045 | D:2      | Reached XP level 5. HP: 30/43 MP: 12/12
  2244 | D:3      | Noticed a necrophage
  2273 | D:3      | Killed a necrophage
  2462 | D:3      | Reached XP level 6. HP: 43/49 MP: 13/13
  2655 | D:3      | Reached skill level 2 in Invocations
  3023 | D:3      | Reached skill level 5 in Fighting
  3023 | D:3      | Reached skill level 5 in Maces & Flails
  3023 | D:3      | Reached skill level 5 in Dodging
  3591 | D:4      | Found a sparkling altar of Nemelex Xobeh.
  3772 | D:4      | Reached XP level 7. HP: 29/55 MP: 4/15
  4084 | D:4      | Found a hide-covered altar of Uskayaw.
  4494 | D:4      | Found a staircase to the Ecumenical Temple.
  4561 | D:5      | Entered Level 5 of the Dungeon
  4677 | D:5      | Noticed Prince Ribbit
  4683 | D:5      | Noticed Duvessa
  4684 | D:5      | Noticed Dowan
  4692 | D:5      | Killed Prince Ribbit
  4774 | D:5      | Found Tyup's Distillery.
  4786 | D:5      | Killed Dowan
  4786 | D:5      | Reached skill level 3 in Invocations
  4878 | D:5      | Killed Duvessa
  4878 | D:5      | Reached XP level 8. HP: 57/62 MP: 11/16
  4900 | D:5      | Bought a potion of haste for 130 gold pieces
  4998 | D:5      | Found Ucumaw's Antique Armour Shoppe.
  4999 | D:5      | Found a bloodstained altar of Trog.
  5019 | D:5      | Found Xasanoklis's Gadget Emporium.
  5773 | D:6      | Noticed Menkaure
  5786 | D:6      | Killed Menkaure
  5786 | D:6      | Reached skill level 4 in Invocations
  5833 | D:6      | Found a sacrificial altar of Ru.
  6007 | D:6      | Noticed Eustachio
  6053 | D:6      | Killed Eustachio
  6053 | D:6      | Reached XP level 9. HP: 66/68 MP: 0/18
  6077 | D:6      | Found a shattered altar of Ashenzari.
  6143 | D:6      | Noticed Edmund
  6238 | D:6      | Killed Edmund
  6336 | D:6      | HP: 3/68 [orc warrior/trident (3)]
  6926 | D:7      | Learned a level 3 spell: Mephitic Cloud
  7001 | D:7      | Reached skill level 5 in Armour
  7145 | D:7      | Found a blossoming altar of Fedhas.
  7680 | D:8      | Noticed a two-headed ogre
  7727 | D:8      | Found a deep blue altar of Sif Muna.
  7727 | D:8      | Noticed a two-headed ogre
  7788 | D:8      | Noticed a two-headed ogre
  7796 | D:8      | Killed a two-headed ogre
  7796 | D:8      | Reached skill level 5 in Invocations
  7796 | D:8      | Reached XP level 10. HP: 64/76 MP: 20/20
  8106 | D:8      | Killed a two-headed ogre
  8106 | D:8      | Reached skill level 5 in Short Blades
  8106 | D:8      | Reached skill level 5 in Long Blades
  8106 | D:8      | Reached skill level 5 in Axes
  8106 | D:8      | Reached skill level 5 in Polearms
  8106 | D:8      | Reached skill level 5 in Staves
  8106 | D:8      | Reached skill level 5 in Slings
  8106 | D:8      | Reached skill level 5 in Bows
  8106 | D:8      | Reached skill level 5 in Crossbows
  8106 | D:8      | Reached skill level 5 in Throwing
  8106 | D:8      | Reached skill level 5 in Stealth
  8106 | D:8      | Reached skill level 5 in Shields
  8106 | D:8      | Reached skill level 5 in Unarmed Combat
  8106 | D:8      | Reached skill level 5 in Evocations
  8287 | D:8      | Found Goci's Assorted Antiques.
  8827 | D:8      | Killed a two-headed ogre
  8949 | D:8      | Reached skill level 6 in Invocations
  9314 | Temple   | Entered the Ecumenical Temple
  9468 | D:2      | Became a worshipper of Warmaster Okawaru
  9861 | D:9      | Reached XP level 11. HP: 83/83 MP: 22/22
  9991 | D:9      | Found a radiant altar of Vehumet.
 10156 | D:9      | Found Ustacump's Armour Emporium.
 10247 | D:9      | Reached * piety under Okawaru
 10610 | D:9      | Noticed a two-headed ogre
 10620 | D:9      | Killed a two-headed ogre
 10620 | D:9      | Reached skill level 5 in Conjurations
 10620 | D:9      | Reached skill level 5 in Hexes
 10620 | D:9      | Reached skill level 5 in Summonings
 10620 | D:9      | Reached skill level 5 in Necromancy
 10620 | D:9      | Reached skill level 5 in Translocations
 10620 | D:9      | Reached skill level 5 in Transmutations
 10620 | D:9      | Reached skill level 5 in Fire Magic
 10620 | D:9      | Reached skill level 5 in Ice Magic
 10620 | D:9      | Reached skill level 5 in Air Magic
 10620 | D:9      | Reached skill level 5 in Earth Magic
 10620 | D:9      | Reached skill level 5 in Poison Magic
 10636 | D:9      | Found a hazy altar of Hepliaklqana.
 10654 | D:9      | Found a white marble altar of Elyvilon.
 10793 | D:9      | Found a staircase to the Lair.
 10921 | D:9      | Found an ancient bone altar of Kikubaaqudgha.
 10985 | Lair:1   | Entered Level 1 of the Lair of Beasts
 11021 | D:10     | Entered Level 10 of the Dungeon
 11097 | D:10     | Found a staircase to the Orcish Mines.
 11286 | D:10     | Learned a level 2 spell: Blink
 11290 | D:10     | Noticed a two-headed ogre
 11300 | D:10     | Killed a two-headed ogre
 11300 | D:10     | Reached ** piety under Okawaru
 11558 | D:10     | Reached skill level 7 in Invocations
 12312 | Lair:1   | Noticed Grum
 12326 | Lair:1   | Reached *** piety under Okawaru
 12333 | Lair:1   | Killed Grum
 12978 | Lair:1   | Reached XP level 12. HP: 90/92 MP: 17/24
 13012 | Lair:1   | Reached **** piety under Okawaru
 13166 | Lair:1   | Noticed a four-headed hydra
 13501 | Lair:1   | Learned a level 3 spell: Spectral Weapon
 13524 | Lair:1   | Killed a four-headed hydra
 13646 | Lair:2   | Found a staircase to the Snake Pit.
 14033 | Lair:2   | Got an amber-encrusted leather armour
 14330 | Lair:2   | Reached ***** piety under Okawaru
 14330 | Lair:2   | Received a gift from Okawaru
 14461 | Lair:3   | Noticed a death yak
 14689 | Lair:3   | Noticed a five-headed hydra
 14697 | Lair:3   | Killed a five-headed hydra
 14777 | Lair:3   | Received a gift from Okawaru
 14777 | Lair:3   | Reached skill level 8 in Invocations
 15121 | Lair:3   | Killed a death yak
 15472 | Lair:3   | Noticed a death yak
 15475 | Lair:3   | Noticed a death yak
 15493 | Lair:3   | Noticed a death yak
 15494 | Lair:3   | Noticed a death yak
 15494 | Lair:3   | Killed a death yak
 15498 | Lair:3   | Noticed a death yak
 15502 | Lair:2   | Killed a death yak
 15509 | Lair:2   | Killed a death yak
 15831 | Lair:3   | Killed a death yak
 15831 | Lair:3   | Reached XP level 13. HP: 100/100 MP: 9/26
 15899 | Lair:4   | Found a staircase to the Shoals.
 17213 | Lair:5   | Found a shimmering altar of Xom.
 17227 | Lair:5   | HP: 5/100 [acid (12)]
 17229 | Lair:5   | Received a gift from Okawaru
 17456 | Lair:5   | Found a viscous altar of Jiyva.
 17456 | Lair:5   | Found a staircase to the Slime Pits.
 17508 | Lair:5   | Received a gift from Okawaru
 17580 | Lair:4   | Identified the +0 leather armour of the Demon Prince {Stlth+} (You found it on level 2 of the Lair of Beasts)
 17724 | Lair:4   | Reached skill level 9 in Invocations
 19091 | Lair:6   | Entered Level 6 of the Lair of Beasts
 19427 | Lair:6   | Reached skill level 10 in Spellcasting
 19507 | Lair:6   | Reached XP level 14. HP: 109/109 MP: 22/28
 19894 | Lair:6   | Reached skill level 10 in Fighting
 19894 | Lair:6   | Reached skill level 10 in Maces & Flails
 19894 | Lair:6   | Reached skill level 10 in Dodging
 20625 | Lair:6   | Reached skill level 10 in Invocations
 20782 | Lair:6   | Received a gift from Okawaru
 20783 | Lair:6   | Got a slimy chain mail {god gift}
 20794 | Lair:6   | Identified the +2 chain mail of Mizia {rElec Regen+ MP+9 Stlth-} (Okawaru gifted it to you on level 6 of the Lair of Beasts)
 21824 | Orc:1    | Entered Level 1 of the Orcish Mines
 22332 | Orc:1    | Paralysed by an orc sorcerer for 4 turns
 22604 | Orc:2    | Entered Level 2 of the Orcish Mines
 22604 | Orc:2    | Found a labyrinth entrance.
 22604 | Orc:2    | Found Efacluc's Assorted Antiques.
 22610 | Lab      | Entered a labyrinth
 22993 | Lab      | Got a smoking wooden ring
 23009 | Lab      | Identified the Almanac of Translocation and Curses
 23010 | Lab      | Found the +2 pair of boots of the Assassin {Detection Stab+ Stlth++}
 23056 | Orc:2    | Bought a scroll of identify for 66 gold pieces
 23056 | Orc:2    | Bought a scroll of blinking for 247 gold pieces
 23087 | Orc:2    | Found a dark tunnel.
 23102 | Volcano  | Entered a volcano
 23394 | Orc:2    | Noticed Erolcha
 23760 | Snake:1  | Entered Level 1 of the Snake Pit
 23833 | Snake:1  | Reached XP level 15. HP: 96/117 MP: 25/29
 23876 | Lair:2   | Identified the ring "Yfiorel" {rN+ Int+5} (You took it off a minotaur in a labyrinth)
 23978 | Snake:1  | Found a sacrificial altar of Ru.
 24123 | Snake:1  | Reached skill level 10 in Armour
 24709 | Snake:2  | Received a gift from Okawaru
 24971 | Snake:2  | Noticed Kirke
 24980 | Snake:2  | Killed Kirke
 25137 | Snake:2  | Received a gift from Okawaru
 25141 | Snake:2  | Reached skill level 10 in Charms
 25256 | Snake:2  | Received a gift from Okawaru
 25504 | Snake:2  | Reached skill level 10 in Short Blades
 25504 | Snake:2  | Reached skill level 10 in Long Blades
 25504 | Snake:2  | Reached skill level 10 in Axes
 25504 | Snake:2  | Reached skill level 10 in Polearms
 25504 | Snake:2  | Reached skill level 10 in Staves
 25504 | Snake:2  | Reached skill level 10 in Slings
 25504 | Snake:2  | Reached skill level 10 in Bows
 25504 | Snake:2  | Reached skill level 10 in Crossbows
 25504 | Snake:2  | Reached skill level 10 in Throwing
 25504 | Snake:2  | Reached skill level 10 in Stealth
 25504 | Snake:2  | Reached skill level 10 in Shields
 25504 | Snake:2  | Reached skill level 10 in Unarmed Combat
 25504 | Snake:2  | Reached skill level 10 in Evocations
 25835 | D:11     | Received a gift from Okawaru
 26883 | D:12     | Received a gift from Okawaru
 27163 | D:12     | Learned a level 4 spell: Cause Fear
 27435 | D:12     | Received a gift from Okawaru
 27892 | D:12     | Reached skill level 11 in Invocations
 28265 | D:13     | Noticed Nessos
 28464 | D:13     | Got a bloodstained battleaxe {freeze}
 28469 | D:13     | Identified the +7 battleaxe "Uwoadd" {freeze, +Inv rElec rF+} (You took it off an orc warrior on level 13 of the Dungeon)
 28496 | D:13     | Noticed Josephine
 28505 | D:13     | Killed Josephine
 28571 | D:13     | Killed Nessos
 28667 | D:13     | Noticed Sonja
 28675 | D:13     | Reached XP level 16. HP: 111/125 MP: 31/31
 28677 | D:13     | Killed Sonja
 29178 | D:13     | Received a gift from Okawaru
 29322 | D:14     | Noticed Rupert
 29325 | D:14     | Paralysed by Rupert for 7 turns
 29361 | D:14     | Killed Rupert
 29655 | D:14     | Reached ****** piety under Okawaru
 29701 | D:13     | Received a gift from Okawaru
 30092 | Lair:2   | Learned a level 6 spell: Deflect Missiles
 30587 | Snake:2  | Received a gift from Okawaru
 30598 | Snake:2  | Got a pair of faintly humming boots {god gift}
 30612 | Snake:2  | Identified the +0 pair of boots of the Peculiar Dreams {rElec rN+++ Slay-6 Stlth-} (Okawaru gifted it to you on level 2 of the Snake Pit)
 31743 | Snake:3  | Noticed a nagaraja
 32043 | Snake:3  | Noticed a nagaraja
 32053 | Snake:3  | Killed a nagaraja
 32263 | Snake:3  | Received a gift from Okawaru
 32264 | Snake:3  | Got a transparent bardiche {god gift}
 32269 | Snake:3  | Identified the +3 bardiche of Ruxoiney {venom, -Tele rPois rC++ Stlth+} (Okawaru gifted it to you on level 3 of the Snake Pit)
 32473 | Snake:3  | Reached XP level 17. HP: 121/133 MP: 33/33
 32860 | Snake:4  | Entered Level 4 of the Snake Pit
 32872 | Snake:3  | Reached skill level 12 in Invocations
 32925 | Snake:4  | Noticed Bai Suzhen
 33103 | Shoals:1 | Entered Level 1 of the Shoals
 33737 | Orc:2    | Killed Erolcha
 33901 | Orc:2    | Found Xoal Asoiz's Distillery.
 33904 | Orc:2    | Bought a potion of degeneration for 14 gold pieces
 34182 | Orc:2    | Found a roughly hewn altar of Beogh.
 34295 | Orc:2    | Found a staircase to the Elven Halls.
 34564 | Orc:2    | Received a gift from Okawaru
 34565 | Orc:2    | Found Sim Vuic's Book Boutique.
 34565 | Orc:2    | Found Fekoil's Weapon Boutique.
 34575 | Orc:2    | Found Daqarenete's Antique Armour Emporium.
 34575 | Orc:2    | Found Leorid's Book Emporium.
 34594 | Orc:2    | Identified a +2 pair of boots of running (Okawaru gifted it to you on level 2 of the Orcish Mines)
 36688 | Snake:4  | Noticed Aizul
 37082 | Snake:4  | Received a gift from Okawaru
 37273 | Snake:4  | Reached skill level 10 in Conjurations
 37273 | Snake:4  | Reached skill level 10 in Hexes
 37273 | Snake:4  | Reached skill level 10 in Summonings
 37273 | Snake:4  | Reached skill level 10 in Necromancy
 37273 | Snake:4  | Reached skill level 10 in Translocations
 37273 | Snake:4  | Reached skill level 10 in Transmutations
 37273 | Snake:4  | Reached skill level 10 in Fire Magic
 37273 | Snake:4  | Reached skill level 10 in Ice Magic
 37273 | Snake:4  | Reached skill level 10 in Air Magic
 37273 | Snake:4  | Reached skill level 10 in Earth Magic
 37273 | Snake:4  | Reached skill level 10 in Poison Magic
 37323 | Snake:4  | Received a gift from Okawaru
 37417 | Snake:4  | Reached XP level 18. HP: 118/141 MP: 34/34
 37478 | Snake:4  | Received a gift from Okawaru
 38570 | D:14     | Noticed Roxanne
 38639 | D:14     | Killed Roxanne
 38909 | D:14     | Found a gate to the Vaults.
 39200 | D:15     | Entered Level 15 of the Dungeon
 39200 | D:15     | Found a staircase to the Depths.
 39614 | D:15     | Found Ihop's Food Emporium.
 40311 | Shoals:1 | Received a gift from Okawaru
 40738 | Shoals:1 | Received a gift from Okawaru
 40918 | Shoals:2 | Found Ruigoq's Jewellery Boutique.
 41083 | Shoals:1 | Reached skill level 13 in Invocations
 41195 | Shoals:2 | Received a gift from Okawaru
 41475 | Shoals:2 | Got a garnet-encrusted scale mail
 41476 | Shoals:2 | Identified the +6 scale mail "Agieddi" {rF+} (You found it on level 2 of the Shoals)
 41929 | Shoals:4 | Entered Level 4 of the Shoals
 42731 | Shoals:4 | Reached XP level 19. HP: 149/149 MP: 36/36
 42875 | Shoals:4 | Received a gift from Okawaru
 43007 | Shoals:4 | Noticed Ilsuiw
 43287 | Shoals:4 | Got a barnacled rune of Zot
 43920 | Shoals:3 | Received a gift from Okawaru
 44271 | Shoals:3 | Noticed Nikola
 44296 | Shoals:3 | Killed Nikola
 46057 | Snake:4  | Got a serpentine rune of Zot
 46179 | Snake:4  | Received a gift from Okawaru
 46352 | Lair:2   | Learned a level 4 spell: Passage of Golubria
 46548 | Orc:2    | Bought a +2 shortbow of flaming for 191 gold pieces
 46559 | Orc:2    | Bought a transparent buckler for 294 gold pieces
 46559 | Orc:2    | Identified the +3 buckler of Hepliaklqana's Hatred {MP+9 Int+2 Slay+2} (You bought it in a shop on level 2 of the Orcish Mines)
 46900 | D:5      | Bought an embroidered cloak for 240 gold pieces
 47284 | D:15     | Found Igyeghig's Assorted Antiques.
 47288 | D:15     | Bought a scroll of magic mapping for 84 gold pieces
 47288 | D:15     | Bought a pair of faintly glowing boots for 228 gold pieces
 47288 | D:15     | Bought a scroll of teleportation for 72 gold pieces
 47288 | D:15     | Bought a potion of haste for 240 gold pieces
 47288 | D:15     | Identified the +2 pair of boots of Lies {+Inv rF+} (You bought it in a shop on level 15 of the Dungeon)
 47416 | D:15     | Noticed Louise
 47453 | D:15     | Killed Louise
 47844 | Depths:1 | Entered Level 1 of the Depths
 47854 | Depths:1 | Found Leoqyhi's General Store.
 47857 | Depths:1 | Bought a scroll of blinking for 150 gold pieces
 47857 | Depths:1 | Bought a potion of curing for 60 gold pieces
 48028 | D:15     | Found Teucw's Antique Armour Shop.
 48104 | D:15     | Found Xutheisk's Antique Armour Shoppe.
 48320 | Depths:1 | Reached XP level 20. HP: 145/157 MP: 37/37
 48380 | Depths:1 | Reached skill level 14 in Invocations
 48766 | Depths:1 | Found a gateway to Hell.
 48821 | Depths:1 | Noticed Mara
 48825 | Depths:1 | Noticed Faustar's illusion
 48938 | Vaults:1 | Entered Level 1 of the Vaults
 49565 | Vaults:1 | Received a gift from Okawaru
 49747 | Vaults:1 | Found Tacvek's Distillery.
 49755 | Vaults:1 | Bought a potion of curing for 51 gold pieces
 49755 | Vaults:1 | Bought a potion of curing for 51 gold pieces
 49755 | Vaults:1 | Bought a potion of heal wounds for 85 gold pieces
 49886 | Vaults:1 | Received a gift from Okawaru
 50574 | Vaults:1 | HP: 3/159 [vault warden/halberd of chopping (7)]
 51559 | Vaults:1 | Reached XP level 21. HP: 165/165 MP: 39/39
 51920 | Vaults:1 | Received a gift from Okawaru
 52026 | Vaults:1 | Found Suwnotol's Antique Weapon Emporium.
 52296 | Vaults:2 | Received a gift from Okawaru
 52452 | Vaults:2 | Found an iron altar of Okawaru.
 52525 | Vaults:2 | Received a gift from Okawaru
 52596 | Vaults:2 | Received a gift from Okawaru
 52765 | Vaults:2 | Received a gift from Okawaru
 53550 | Vaults:2 | Found a staircase to the Crypt.
 53663 | Vaults:2 | Noticed Sojobo
 53810 | Vaults:2 | Got a steaming robe {god gift}
 53811 | Vaults:2 | Identified the +0 robe "Beuvipt" {rF+ Stlth+} (Okawaru gifted it to you on level 2 of the Vaults)
 53892 | Vaults:2 | Found a portal to a secret trove of treasure.
 54080 | Vaults:2 | Reached skill level 15 in Invocations
 54292 | Vaults:2 | Killed Sojobo
 54890 | Vaults:2 | Received a gift from Okawaru
 54906 | Vaults:2 | Paralysed by a sphinx for 6 turns
 54993 | Vaults:2 | Reached XP level 22. HP: 128/173 MP: 35/40
 55946 | Lair:2   | Learned a level 5 spell: Silence
 56096 | Slime:1  | Entered Level 1 of the Pits of Slime
 56311 | Elf:1    | Entered Level 1 of the Elven Halls
 56507 | Elf:1    | Found Hijetiepn's Jewellery Boutique.
 56746 | Elf:1    | Reached skill level 15 in Spellcasting
 56885 | Elf:1    | Found Miaroj's Weapon Emporium.
 56928 | Elf:1    | Found Qarien's Distillery.
 56961 | Elf:1    | Bought a potion of heal wounds for 60 gold pieces
 56961 | Elf:1    | Bought a potion of heal wounds for 60 gold pieces
 56961 | Elf:1    | Bought a potion of heal wounds for 60 gold pieces
 57186 | Elf:1    | Found Yplawk's Assorted Antiques.
 57231 | Elf:1    | Found Raip Oci's Antique Weapon Emporium.
 57895 | Elf:2    | Received a gift from Okawaru
 58098 | Elf:2    | Received a gift from Okawaru
 58098 | Elf:2    | Reached skill level 15 in Fighting
 58098 | Elf:2    | Reached skill level 15 in Maces & Flails
 58098 | Elf:2    | Reached skill level 15 in Dodging
 58267 | Elf:2    | Received a gift from Okawaru
 58378 | Elf:2    | Found a runed gate.
 58378 | Elf:2    | Found a runed gate.
 58382 | Elf:2    | Found a runed gate.
 58556 | Elf:3    | Entered Level 3 of the Elven Halls
 58779 | Elf:3    | Found Daoff's Food Emporium.
 58878 | Elf:3    | Received a gift from Okawaru
 59102 | Elf:3    | Noticed Jorgrun
 59332 | Elf:3    | Killed Jorgrun
 60113 | Elf:3    | Got a twitching golden ring
 60114 | Elf:3    | Got an ominously black robe
 60115 | Elf:3    | Identified the ring of Doedocu {*Tele Str+6} (You took it off a deep elf mage on level 3 of the Elven Halls)
 60116 | Elf:3    | Identified the +0 robe "Hafi" {*Contam Regen+ Dex+9} (You took it off a deep elf mage on level 3 of the Elven Halls)
 60372 | Elf:3    | Got a clouded bronze amulet
 60565 | Elf:3    | Got an ancient ring mail
 60606 | Elf:2    | Identified the amulet of Viggityw {Spirit Str+3} (You took it off a deep elf death mage on level 3 of the Elven Halls)
 60607 | Elf:2    | Identified the +5 ring mail of the Known World {rC- rN+ Slay+3 Stlth+} (You took it off a deep elf high priest on level 3 of the Elven Halls)
 60745 | Elf:3    | Received a gift from Okawaru
 61067 | Elf:3    | Got a steaming ring mail
 61068 | Elf:3    | Identified the +3 ring mail of the Orb {rF+ SInv} (You took it off a deep elf master archer on level 3 of the Elven Halls)
 61660 | Vaults:3 | Reached XP level 23. HP: 181/181 MP: 42/42
 62215 | Vaults:3 | Received a gift from Okawaru
 62242 | Vaults:3 | Got a twisted long sword {god gift}
 62243 | Vaults:3 | Identified the +3 long sword of Viumubry {slice, +Blink} (Okawaru gifted it to you on level 3 of the Vaults)
 62341 | Vaults:3 | Reached skill level 15 in Armour
 62833 | Vaults:4 | Reached skill level 16 in Invocations
 62905 | Vaults:4 | Found a flickering gateway to a bazaar.
 62914 | Bazaar   | Entered a bazaar
 62918 | Bazaar   | Found Nuot's Jewellery Boutique.
 62937 | Bazaar   | Found Cenu's Antique Armour Emporium.
 62954 | Bazaar   | Found Waufu's Book Boutique.
 62971 | Bazaar   | Found Obyotinn's Antique Weapon Shoppe.
 63044 | Bazaar   | Bought a book of Burglary for 675 gold pieces
 63051 | Bazaar   | Learned a level 6 spell: Invisibility
 63362 | Vaults:4 | Received a gift from Okawaru
 63635 | Vaults:4 | Learned a level 2 spell: Passwall
 63722 | Vaults:4 | Received a gift from Okawaru
 63722 | Vaults:4 | Reached skill level 15 in Short Blades
 63722 | Vaults:4 | Reached skill level 15 in Long Blades
 63722 | Vaults:4 | Reached skill level 15 in Axes
 63722 | Vaults:4 | Reached skill level 15 in Polearms
 63722 | Vaults:4 | Reached skill level 15 in Staves
 63722 | Vaults:4 | Reached skill level 15 in Slings
 63722 | Vaults:4 | Reached skill level 15 in Bows
 63722 | Vaults:4 | Reached skill level 15 in Crossbows
 63722 | Vaults:4 | Reached skill level 15 in Throwing
 63722 | Vaults:4 | Reached skill level 15 in Stealth
 63722 | Vaults:4 | Reached skill level 15 in Shields
 63722 | Vaults:4 | Reached skill level 15 in Unarmed Combat
 63722 | Vaults:4 | Reached skill level 15 in Evocations
 63760 | Vaults:4 | Got a smoking hat {god gift}
 63761 | Vaults:4 | Identified the -1 hat of Noon {rPois rF+++ rC-} (Okawaru gifted it to you on level 4 of the Vaults)
 63974 | Vaults:4 | Identified a scroll of acquirement
 63984 | Vaults:4 | Found a shimmering altar of Xom.
 65523 | Depths:1 | Noticed Faustar's illusion
 66298 | Elf:2    | Reached XP level 24. HP: 185/190 MP: 42/42
 66544 | Elf:2    | Identified a +1 pair of boots of running (You found it on level 2 of the Elven Halls)
 66658 | Elf:3    | Got a pitted steel amulet
 66659 | Elf:3    | Identified the amulet "Padghoih" {Reflect +Fly MP+9 Str-5 SH+4} (You took it off a deep elf mage on level 3 of the Elven Halls)
 66834 | Elf:3    | Got a warped ruby amulet
 67004 | Elf:3    | Identified the Papyrus of Necromancy and Feathers
 67063 | Elf:3    | Identified the amulet of Dasewa {Spirit rElec rF+ Str+7 Dex-2} (You took it off a deep elf elementalist on level 3 of the Elven Halls)
 67114 | Elf:3    | Identified the Volume of Helpful Toxins
 67628 | Lair:2   | Learned a level 5 spell: Lee's Rapid Deconstruction
 68237 | Vaults:5 | Entered Level 5 of the Vaults
 68246 | Vaults:4 | Received a gift from Okawaru
 68704 | Depths:1 | Killed Mara
 68970 | Depths:2 | Received a gift from Okawaru
 69443 | Depths:2 | Received a gift from Okawaru
 69788 | Depths:2 | Noticed a juggernaut
 69811 | Depths:2 | Killed a juggernaut
 69821 | Depths:2 | Found Koluosuq's Jewellery Shoppe.
 69822 | Depths:2 | Found Xepiuz's Gadget Shop.
 69823 | Depths:2 | Found Zat Uffoguith's Jewellery Shoppe.
 70230 | Depths:2 | Found a gateway to a ziggurat.
 70282 | Depths:1 | HP: 9/190 [poisoned by a death drake (dark miasma)]
 71567 | Vaults:5 | Received a gift from Okawaru
 71578 | Vaults:4 | Reached skill level 17 in Invocations
 72129 | Vaults:4 | Received a gift from Okawaru
 72131 | Vaults:4 | Reached XP level 25. HP: 167/196 MP: 43/43
 73036 | Depths:2 | Learned a level 6 spell: Statue Form
 73059 | Depths:2 | Received a gift from Okawaru
 73493 | Depths:3 | Noticed Boris
 73532 | Depths:3 | Killed Boris
 73609 | Depths:3 | Received a gift from Okawaru
 73610 | Depths:3 | Found the +3 sling "Punk" {acid, rCorr}
 74137 | Depths:3 | Found a one-way gate leading to the halls of Pandemonium.
 74578 | Depths:3 | Found a runed door.
 74578 | Depths:3 | Noticed an ancient lich
 74939 | Depths:4 | Found Coexytt's Antique Armour Boutique.
 74940 | Depths:4 | Found Rekysul's Jewellery Shop.
 74940 | Depths:4 | Found Omexul's Distillery.
 74945 | Depths:4 | Found Bovuutz's Antique Weapon Shop.
 75185 | Depths:4 | Received a gift from Okawaru
 75397 | Depths:4 | Bought a potion of heal wounds for 70 gold pieces
 75564 | Depths:4 | Found a corrupted altar of Lugonu.
 75564 | Depths:4 | Found a one-way gate to the infinite horrors of the Abyss.
 75624 | Depths:4 | Received a gift from Okawaru
 75931 | Depths:4 | Found Ditots's General Store.
 76137 | Depths:4 | Identified the +1 chain mail of the Eternal Fruit {rElec rC+ Dex-5} (You found it on level 4 of the Depths)
 76551 | Depths:5 | Entered Level 5 of the Depths
 76832 | Depths:5 | Found Tiyzxatie's General Store.
 76868 | Depths:5 | Noticed Jory
 76891 | Depths:5 | Killed Jory
 77472 | Depths:4 | Reached XP level 26. HP: 103/207 MP: 43/43
 77912 | Depths:5 | Found a gate to the Realm of Zot.
 78130 | Depths:5 | Noticed garbagetei's ghost (veteran GrFi)
 78186 | Depths:5 | Killed garbagetei's ghost
 78186 | Depths:5 | Reached skill level 15 in Charms
 79518 | Vaults:5 | Received a gift from Okawaru
 79724 | Vaults:5 | Received a gift from Okawaru
 80239 | Vaults:5 | Found Xucuac's Distillery.
 80247 | Vaults:5 | Found Nesofoar's Food Emporium.
 80272 | Vaults:5 | Reached skill level 18 in Invocations
 80297 | Vaults:5 | Found Geah's Food Shoppe.
 80391 | Vaults:5 | Found Utzeik Hamu's Magic Scroll Boutique.
 80404 | Vaults:5 | Found Cehac's Distillery.
 80421 | Vaults:5 | Found Hasih's Distillery.
 80438 | Vaults:5 | Found Faeff's Food Shop.
 80573 | Vaults:5 | Paralysed by a hornet for 1 turns
 81294 | Vaults:5 | Got a shimmering amber ring
 81295 | Vaults:5 | Identified the ring "Vaatt" {*Drain rElec Int+4 SInv} (You found it on level 5 of the Vaults)
 81298 | Vaults:5 | Identified the +4 scale mail of Cowardice {rN+++ rCorr Int-2 Stlth-} (You found it on level 5 of the Vaults)
 81307 | Vaults:5 | Got an ancient steel ring
 81308 | Vaults:5 | Identified the ring "Refempa" {Str+3 Slay+3 Stlth+} (You found it on level 5 of the Vaults)
 81319 | Vaults:5 | Identified the +4 pair of gloves of Uluaxy {rC+ rN+ Regen+ rCorr} (You found it on level 5 of the Vaults)
 81679 | Vaults:5 | Got a silver rune of Zot
 81820 | Vaults:5 | Paralysed by a sphinx for 6 turns
 81946 | Vaults:5 | Found Uxaoclog's Magic Scroll Shop.
 82292 | D:8      | Bought a manual of Crossbows for 2649 gold pieces
 82533 | Vaults:2 | You paid a toll of a manual of Crossbows to enter a treasure trove
 82534 | Trove    | Entered a treasure trove
 82578 | Trove    | Got a clouded amethyst amulet
 82581 | Trove    | Identified the amulet of Umpi {Reflect rF++ Dex+4 SH+3} (You found it in a treasure trove)
 82583 | Trove    | Identified the amulet "Lischesm" {Reflect Dex+6 SH+4} (You found it in a treasure trove)
 82634 | Trove    | Reached XP level 27. HP: 212/212 MP: 44/44
 83352 | Zot:1    | Entered Level 1 of the Realm of Zot
 83836 | Zot:2    | Received a gift from Okawaru
 84654 | Zot:1    | Received a gift from Okawaru
 84913 | Zot:2    | Received a gift from Okawaru
 85253 | Zot:3    | Received a gift from Okawaru
 85308 | Zot:3    | Received a gift from Okawaru
 85892 | Zot:4    | Received a gift from Okawaru
 85893 | Zot:4    | Got a pair of smoking gloves {god gift}
 85894 | Zot:4    | Identified the +0 pair of gloves of Okawaru's Castigation {rF- Dex+8 Slay+2} (Okawaru gifted it to you on level 4 of the Realm of Zot)
 86039 | Zot:5    | Entered Level 5 of the Realm of Zot
 86585 | Vaults:5 | Bought a scroll of teleportation for 66 gold pieces
 86585 | Vaults:5 | Bought a scroll of teleportation for 66 gold pieces
 86585 | Vaults:5 | Bought a scroll of brand weapon for 440 gold pieces
 86585 | Vaults:5 | Bought a scroll of identify for 44 gold pieces
 86972 | Elf:1    | Bought a scroll of brand weapon for 660 gold pieces
 88028 | Zot:4    | Reached skill level 15 in Conjurations
 88028 | Zot:4    | Reached skill level 15 in Hexes
 88028 | Zot:4    | Reached skill level 15 in Summonings
 88028 | Zot:4    | Reached skill level 15 in Necromancy
 88028 | Zot:4    | Reached skill level 15 in Translocations
 88028 | Zot:4    | Reached skill level 15 in Transmutations
 88028 | Zot:4    | Reached skill level 15 in Fire Magic
 88028 | Zot:4    | Reached skill level 15 in Ice Magic
 88028 | Zot:4    | Reached skill level 15 in Air Magic
 88028 | Zot:4    | Reached skill level 15 in Earth Magic
 88028 | Zot:4    | Reached skill level 15 in Poison Magic
 88651 | Zot:5    | Noticed an ancient lich
 88665 | Zot:5    | Killed an ancient lich
 88795 | Zot:5    | Noticed an ancient lich
 88811 | Zot:5    | Killed an ancient lich
 88811 | Zot:5    | Received a gift from Okawaru
 88812 | Zot:5    | Got a bloodstained glaive {god gift}
 88818 | Zot:5    | Reached skill level 19 in Invocations
 88819 | Zot:5    | Identified the +7 glaive "Gram" {chop, rElec Dex-4 Stlth+} (Okawaru gifted it to you on level 5 of the Realm of Zot)
 88828 | Zot:5    | Noticed an orb of fire
 89461 | Zot:3    | Identified the +7 quarterstaff of Light {vamp, MR+ MP-9 Dex+4} (You took it off a black draconian on level 3 of the Realm of Zot)
 89686 | Zot:5    | Noticed an orb of fire
 89692 | Zot:5    | Gained mutation: Your body sometimes deteriorates upon taking damage. [an orb of fire]
 89706 | Zot:5    | Killed an orb of fire
 89740 | Zot:5    | Received a gift from Okawaru
 89949 | Zot:5    | Received a gift from Okawaru
 90092 | Zot:5    | Identified the +2 helmet of the Unbroken {Regen+ Dex+4 Stlth+} (Okawaru gifted it to you on level 5 of the Realm of Zot)
 90211 | Zot:5    | Got the Orb of Zot
 90513 | Depths:2 | Noticed Ujys the pandemonium lord
 90920 | D:2      | Noticed Quanic the pandemonium lord
 90982 | D:$      | Escaped with the Orb!

Skill      XL: |  1  2  3  4  5  6  7  8  9 10 11 12 13 14 15 16 17 18 19 20 21 22 23 24 25 26 27 |
---------------+----------------------------------------------------------------------------------+-----
Spellcasting   | 5 6 7 8 9 10 11 12 13 14 15 16 17 18 | 18.4
Invocations    | 1 2 3 4 5 6 7 8 9 10 11 12 13 14 15 16 17 18 19 | 19.3
Short Blades   | 1 2 3 4 5 6 7 8 9 10 11 12 13 14 15 16 18 | 18.0
Long Blades    | 1 2 3 4 5 6 7 8 9 10 11 12 13 14 15 16 18 | 18.0
Axes           | 1 2 3 4 5 6 7 8 9 10 11 12 13 14 15 16 18 | 18.0
Polearms       | 1 2 3 4 5 6 7 8 9 10 11 12 13 14 15 16 18 | 18.0
Staves         | 1 2 3 4 5 6 7 8 9 10 11 12 13 14 15 16 18 | 18.0
Slings         | 1 2 3 4 5 6 7 8 9 10 11 12 13 14 15 16 17 18 | 18.9
Bows           | 1 2 3 4 5 6 7 8 9 10 11 12 13 14 15 16 18 | 18.0
Crossbows      | 1 2 3 4 5 6 7 8 9 10 11 12 13 14 15 16 18 | 18.0
Throwing       | 1 2 3 4 5 6 7 8 9 10 11 12 13 14 15 16 18 | 18.0
Stealth        | 1 2 3 4 5 6 7 8 9 10 11 12 13 14 15 16 18 | 18.0
Shields        | 1 2 3 4 5 6 7 8 9 10 11 12 13 14 15 16 18 | 18.0
Unarmed Combat | 1 2 3 4 5 6 7 8 9 10 11 12 13 14 15 16 18 | 18.0
Evocations     | 1 2 3 4 5 6 7 8 9 10 11 12 13 14 15 16 18 | 18.0
Conjurations   | 1 2 3 4 5 6 7 8 9 10 11 12 13 14 15 | 15.5
Hexes          | 1 2 3 4 5 6 7 8 9 10 11 12 13 14 15 | 15.5
Summonings     | 1 2 3 4 5 6 7 8 9 10 11 12 13 14 15 | 15.5
Necromancy     | 1 2 3 4 5 6 7 8 9 10 11 12 13 14 15 | 15.5
Translocations | 1 2 3 4 5 6 7 8 9 10 11 12 13 14 15 | 15.5
Transmutations | 1 2 3 4 5 6 7 8 9 10 11 12 13 14 15 | 15.5
Fire Magic     | 1 2 3 4 5 6 7 8 9 10 11 12 13 14 15 | 15.5
Ice Magic      | 1 2 3 4 5 6 7 8 9 10 11 12 13 14 15 | 15.5
Air Magic      | 1 2 3 4 5 6 7 8 9 10 11 12 13 14 15 | 15.5
Earth Magic    | 1 2 3 4 5 6 7 8 9 10 11 12 13 14 15 | 15.5
Poison Magic   | 1 2 3 4 5 6 7 8 9 10 11 12 13 14 15 | 15.5
Armour         | 3 4 5 6 7 8 9 10 11 12 13 14 15 16 17 18 | 18.1
Fighting       | 5 6 7 8 9 10 11 12 13 14 15 16 17 18 | 18.4
Maces & Flails | 5 6 7 8 9 10 11 12 13 14 15 16 17 18 | 18.4
Dodging        | 5 6 7 8 9 10 11 12 13 14 15 16 17 18 | 18.4
Charms         | 6 7 8 9 10 11 12 13 14 15 16 | 16.2

Action                   |  1- 3 |  4- 6 |  7- 9 | 10-12 | 13-15 | 16-18 | 19-21 | 22-24 | 25-27 || total
-------------------------+-------+-------+-------+-------+-------+-------+-------+-------+-------++-------
Melee: Mace              |    75 |    48 |       |       |       |       |       |       |       ||   123
       Bite              |     4 |    14 |    46 |   102 |   164 |   208 |   203 |   246 |   278 ||  1265
       Whip              |       |   206 |   292 |    41 |       |       |       |       |       ||   539
       Punch             |       |     1 |     5 |    21 |       |       |       |       |       ||    27
       Flail             |       |       |    78 |   599 |       |       |       |       |       ||   677
       Morningstar       |       |       |       |    71 |  1088 |  1354 |  1316 |    84 |       ||  3913
       Unarmed           |       |       |       |       |     1 |       |       |       |       ||     1
       Eveningstar       |       |       |       |       |       |       |    86 |  1381 |  1578 ||  3045
       Long sword        |       |       |       |       |       |       |       |    41 |       ||    41
 Fire: Hunting sling     |       |       |       |       |     2 |    30 |       |       |       ||    32
 Cast: Infusion          |     4 |     8 |    21 |    34 |    89 |   126 |   114 |   139 |   144 ||   679
       Shroud of Golubri |       |     7 |    19 |    37 |   106 |   137 |   118 |   142 |   156 ||   722
       Regeneration      |       |     1 |     4 |     9 |    10 |    28 |    35 |    38 |    60 ||   185
       Slow              |       |       |    16 |    21 |    14 |    23 |    14 |     5 |     4 ||    97
       Mephitic Cloud    |       |       |       |    11 |    35 |    45 |    66 |    76 |    19 ||   252
       Spectral Weapon   |       |       |       |     9 |    56 |   129 |   161 |   155 |   177 ||   687
       Blink             |       |       |       |       |     2 |     7 |     3 |     8 |     2 ||    22
       Cause Fear        |       |       |       |       |     2 |     7 |     4 |       |     1 ||    14
       Deflect Missiles  |       |       |       |       |       |     1 |     4 |     7 |     9 ||    21
       Passage of Golubr |       |       |       |       |       |       |    31 |    61 |    20 ||   112
       Silence           |       |       |       |       |       |       |       |     9 |     1 ||    10
       Invisibility      |       |       |       |       |       |       |       |     8 |     5 ||    13
       Lee's Rapid Decon |       |       |       |       |       |       |       |     7 |     6 ||    13
       Statue Form       |       |       |       |       |       |       |       |       |     2 ||     2
       Passwall          |       |       |       |       |       |       |       |       |     1 ||     1
Invok: Heroism           |       |       |       |     3 |    30 |     9 |    17 |    22 |    25 ||   106
       Finesse           |       |       |       |     1 |    15 |     2 |     9 |     8 |     9 ||    44
Evoke: Wand              |       |       |     5 |    20 |    38 |    45 |    15 |     4 |     4 ||   131
       Lamp of fire      |       |       |       |       |       |     1 |       |       |       ||     1
       Sack of spiders   |       |       |       |       |       |       |       |       |     4 ||     4
       Box of beasts     |       |       |       |       |       |       |       |       |     1 ||     1
  Use: Scroll            |       |       |    14 |     7 |    12 |    10 |    13 |    32 |    30 ||   118
       Potion            |       |       |       |       |     4 |     1 |     8 |     2 |    24 ||    39
 Stab: Sleeping          |       |     3 |     5 |     4 |     5 |     2 |       |     1 |     3 ||    23
       Distracted        |       |     1 |       |     2 |     6 |    19 |    22 |    31 |    39 ||   120
       Confused          |       |       |       |     4 |    13 |    13 |    28 |    19 |       ||    77
       Paralysed         |       |       |       |       |       |     2 |     1 |       |       ||     3
       Invisible         |       |       |       |       |       |       |     3 |    17 |    26 ||    46
  Eat: Chunk             |       |     9 |    14 |    28 |    25 |    37 |    31 |    29 |    16 ||   189
       Ration            |       |       |       |       |     5 |     3 |     3 |     9 |    14 ||    34
Armor: Leather armour    |    20 |    56 |    13 |       |    20 |       |       |       |       ||   109
       Ring mail         |       |       |    80 |   168 |    23 |       |       |       |       ||   271
       Chain mail        |       |       |       |       |   175 |   516 |   461 |   415 |   433 ||  2000
Dodge: Dodged            |    70 |   170 |   227 |   380 |   398 |   583 |   622 |   665 |   664 ||  3779
       Deflected         |       |       |       |       |       |     3 |    42 |    91 |    90 ||   226
Block: Shield            |       |       |       |   132 |   632 |   976 |   339 |       |       ||  2079
       Buckler           |       |       |       |       |       |       |   383 |   725 |   801 ||  1909
       Reflection        |       |       |       |       |       |       |       |    29 |    63 ||    92
       Rpst.: Long sword |       |       |       |       |       |       |       |     3 |       ||     3
